 Dungeon Crawl Stone Soup version 0.27-a0-423-gf312af23e9 (webtiles) character file.

Game seed: 3848191403322022109

19703 Zonian the Cruncher (level 12, -10/97 HPs)
             Began as a Demonspawn Gladiator on Feb 26, 2021.
             Was an Elder of Cheibriados.
             Killed from afar by a rime drake (23 damage)
             ... with a flash freeze
             ... on level 4 of the Lair of Beasts on Feb 27, 2021.
             The game lasted 00:47:36 (20623 turns).

Zonian the Cruncher (Demonspawn Gladiator)         Turns: 20623, Time: 00:47:37

Health: -10/97     AC: 12    Str: 28    XL:     12   Next: 38%
Magic:  3/18       EV: 11    Int: 22    God:    Cheibriados [****..]
Gold:   379        SH:  0    Dex: 28    Spells: 14/17 levels left

rFire    . . .     SeeInvis .   a - +5 quarterstaff
rCold    . . .     Faith    .   (shield currently unavailable)
rNeg     + . .     Spirit   .   D - +0 scale mail of Polish {rPois Will+++ Str+4 Stlth-}
rPois    +         Reflect  .   G - +1 hat {Stlth+}
rElec    .         Harm     .   o - scarf {shadows}
rCorr    .         Rampage  .   (no gloves)
Will     +++..                  P - +2 pair of boots {Stlth+}
Stlth    +++.......             k - amulet of the acrobat
HPRegen  0.26/turn              u - ring of positive energy
MPRegen  0.16/turn              (no ring)

@: very slightly contaminated, held, invisible, very slow
A: hooves 1, thin metallic scales 1, spiny 2
a: Renounce Religion, Bend Time, Temporal Distortion, Slouch


You were on level 4 of the Lair of Beasts.
You worshipped Cheibriados.
Cheibriados was greatly pleased with you.
You visited 3 branches of the dungeon, and saw 14 of its levels.
You also visited: Bailey.

You collected 1114 gold pieces.
You spent 735 gold pieces at shops.

Inventory:

Hand Weapons
 a - a +5 quarterstaff (weapon)
 d - a +3 halberd of freezing
 H - a +4 dagger of freezing
 I - a +3 scimitar of flaming
 L - a +0 hand crossbow of freezing
Missiles
 j - 6 silver boomerangs (quivered)
 m - 8 poisoned darts
 n - 5 javelins
 E - 35 boomerangs
Armour
 b - a +1 leather armour
 c - a +0 helmet
 o - a scarf of shadows (worn)
 y - a +0 scale mail
 D - the +0 scale mail of Polish (worn) {rPois Will+++ Str+4 Stlth-}
   (You bought it in a shop on level 7 of the Dungeon)

   It affects your strength (+4).
   It protects you from poison.
   It affects your willpower, your defense against some magical effects.
   It makes you less stealthy.
 G - a +1 hat of stealth (worn)
 J - a +1 helmet
 N - a scarf of invisibility
 P - a +2 pair of boots of stealth (worn)
Magical Staves
 O - a staff of conjuration
Jewellery
 k - an amulet of the acrobat (around neck)
 u - a ring of positive energy (left hand)
 x - an amulet of magic regeneration
Wands
 e - a wand of polymorph (21)
 s - a wand of paralysis (5)
 C - a wand of mindburst (19)
 Q - a wand of charming (4)
Scrolls
 i - 2 scrolls of magic mapping
 l - a scroll of blinking
 K - a scroll of fog
 R - a scroll of identify
Potions
 g - a potion of flight
 h - 2 potions of lignification
 q - 2 potions of brilliance
 r - 2 potions of attraction
 w - 2 potions of ambrosia
 z - 2 potions of mutation
 A - 3 potions of curing
Miscellaneous
 f - a lightning rod (1/4)
 F - a box of beasts


   Skills:
 + Level 9.7 Fighting
 * Level 10.0 Staves
 - Level 1.9 Throwing
 - Level 0.4 Armour
 + Level 9.3 Dodging
 + Level 6.2 Stealth
 - Level 3.0 Spellcasting
 - Level 3.3 Hexes
 + Level 8.2 Invocations
 + Level 5.9 Evocations


You had 14 spell levels left.
You knew the following spells:

 Your Spells              Type           Power        Failure   Level
a - Confusing Touch       Hex            17%          22%         3

Your spell library contained the following spells:

 Spells                   Type           Power        Failure   Level
 Corona                   Hex            18%          8%          1
 Ensorcelled Hibernation  Hex/Ice        20%          22%         2
 Tukima's Dance           Hex            17%          22%         3
 Dazzling Flash           Conj/Hex       20%          41%         3
 Bolt of Magma            Conj/Fire/Erth 1%           100%        5
 Iskenderun's Battlesphe  Conj           3%           100%        5
 Iron Shot                Conj/Erth      1%           100%        6
 Orb of Destruction       Conj           1%           100%        7
 Spellforged Servitor     Conj/Summ      1%           100%        7


Dungeon Overview and Level Annotations

Branches:
Dungeon (9/15)             Temple (1/1) D:5            Lair (4/6) D:9
  Swamp (0/4) Lair:2       Bailey (visited)
  Snake: Lair:2-4    Spider: Lair:2-4       Orc: D:9-12

Altars:
Ashenzari
Cheibriados
Dithmenos
Elyvilon
Fedhas
Hepliaklqana
Kikubaaqudgha
Okawaru
Qazlal
Ru
Trog
Vehumet
Wu Jian
Xom
Yredelemnul
Zin

Shops:
D:7 [

Annotations:
Lair:2 Urug
Lair:3 3 runed translucent doors, SkeletonJelly's ghost, journeyman DDFi


Innate Abilities, Weirdness & Mutations

You have large cloven feet.
You are partially covered in thin metallic scales. (AC +2)
You are mostly covered in sharp spines.


Message History

As you read the scroll of blinking, it crumbles to dust.
The blink frog blinks!
Okay, then.
Okay, then.
Okay, then.
Okay, then.
Okay, then.
You fade into invisibility!
The blink frog is struck by your spines.
The blink frog closely misses you.
The jumping spider is struck by your spines.
The jumping spider misses you.
The jumping spider bites you but does no damage.
You are very lightly contaminated with residual magic.
Okay, then.
Okay, then.
The ice encasing you melts away.
The jumping spider is struck by your spines.
The jumping spider pounces on you!
* * * LOW HITPOINT WARNING * * *
You are caught in a web!
The jumping spider bites you but does no damage.
The jumping spider is struck by your spines.
The jumping spider pounces on you but does no damage.
The jumping spider bites you.
* * * LOW HITPOINT WARNING * * *
The rime drake bites the plant.
The plant begins to die.
There is a web, spattered with blood here.
Aiming: Thunderbolt
Press: ? - help, Shift-Dir - straight line, f - jumping spider
Aim: a jumping spider (heavily wounded)
The thunderbolt hits the jumping spider!!
You kill the jumping spider!
Cheibriados thoroughly appreciates the change of pace.
The thunderbolt hits the rime drake!
The rime drake is moderately wounded.
The blink frog croaks.
The rime drake breathes ice at you. The flash freeze hits you!!
You die...

####
###†.#
#.#.†#
#..##
###.# ..
#Pk.#
#..#
##...#
##..#
##@F.##
#P..##
#.#...#
#...#
##...##
##...
#P..##
#....
##..#
###...#
##..#
#...###
#..##
##.###.
##...##
###..#
#.
##.....#
#....#
#.


You could see a blink frog (wandering, slow) and a rime drake (slow, catching
breath).

Vanquished Creatures
  2 hydras
  Fannar (Lair:2)
  Erica (D:8)
  3 black mambas
  9 cane toads
  6 komodo dragons
  A troll (D:9)
  2 polar bears
  3 jumping spiders (Lair:4)
  2 blink frogs (Lair:4)
  5 redbacks (Lair:4)
  17 yaks
  Sigmund (D:5)
  4 wyverns
  A basilisk (D:9)
  A steam dragon (D:9)
  6 water moccasins
  5 orc warriors
  An ice beast (D:6)
  2 sky beasts
  3 black bears
  A necrophage (D:9)
  2 ogres
  7 wolves (Lair:1)
  A centaur (D:8)
  2 phantoms
  16 bullfrogs
  5 killer bees (D:8)
  3 scorpions
  2 electric eels (D:8)
  4 howler monkeys
  18 wights
  A centaur zombie (D:5)
  5 jellies
  3 bullfrog skeletons
  3 hounds
  3 orc priests
  An iguana (D:8)
  10 orc wizards
  5 worker ants
  A worker ant zombie (D:7)
  13 gnolls
  A howler monkey zombie (D:6)
  7 adders
  4 river rats (D:5)
  3 shadow imps
  A white imp (D:7)
  2 ufetubi
  2 adder zombies
  2 adder skeletons
  A worm (D:4)
  3 dart slugs
  8 leopard geckos
  32 orcs
  2 ball pythons (D:1)
  7 bats
  6 giant cockroaches
  12 goblins
  13 hobgoblins
  20 jackals
  2 quokkas
  3 frilled lizards
  22 kobolds
  A leopard gecko skeleton (D:4)
  2 quokka skeletons
  A quokka zombie (D:8)
  9 rats
348 creatures vanquished.

Vanquished Creatures (collateral kills)
  A komodo dragon (Lair:2)
1 creature vanquished.

Vanquished Creatures (others)
  A water moccasin (Lair:2)
  20 fungi
  71 plants
92 creatures vanquished.

Grand Total: 441 creatures vanquished

Notes
Turn   | Place    | Note
-------+----------+-------------------------------------------
     0 | D:1      | Zonian the Demonspawn Gladiator began the quest for the
                  | Orb.
     0 | D:1      | Reached XP level 1. HP: 16/16 MP: 1/1
   171 | D:1      | Reached skill level 3 in Staves
   183 | D:1      | Gained mutation: You have large cloven feet. [demonic
                  | ancestry]
   183 | D:1      | Reached XP level 2. HP: 22/22 MP: 2/2
  1097 | D:1      | Reached XP level 3. HP: 18/27 MP: 3/3
  2080 | D:2      | Reached XP level 4. HP: 20/34 MP: 4/4
  3549 | D:3      | Reached skill level 4 in Staves
  3549 | D:3      | Gained mutation: You are partially covered in sharp spines.
                  | [demonic ancestry]
  3549 | D:3      | Reached XP level 5. HP: 29/41 MP: 5/5
  3719 | D:3      | Found a faded altar of an unknown god.
  3719 | D:3      | Found a basalt altar of Yredelemnul.
  3727 | D:3      | Found an ornate altar of the Wu Jian Council.
  3730 | D:3      | Found a radiant altar of Vehumet.
  3732 | D:3      | Found a faded altar of an unknown god.
  4047 | D:3      | Found a broken altar of Ashenzari.
  4057 | D:3      | Found a glowing silver altar of Zin.
  4307 | D:4      | Found a broken altar of Ashenzari.
  4749 | D:4      | Noticed an ogre
  4757 | D:4      | Killed an ogre
  4758 | D:4      | Reached XP level 6. HP: 47/47 MP: 6/6
  5156 | D:5      | Entered Level 5 of the Dungeon
  5372 | D:5      | Found an ancient bone altar of Kikubaaqudgha.
  5373 | D:5      | Noticed a water moccasin
  5377 | D:5      | Killed a water moccasin
  5618 | D:5      | Found a bloodstained altar of Trog.
  5641 | D:5      | Reached XP level 7. HP: 42/54 MP: 7/7
  5658 | D:5      | Reached skill level 5 in Staves
  5784 | D:5      | HP: 2/55 [river rat (7)]
  5987 | D:5      | Noticed Sigmund
  6009 | D:5      | Killed Sigmund
  6010 | D:5      | Reached skill level 5 in Dodging
  6188 | D:5      | Reached skill level 5 in Fighting
  6630 | D:5      | Found a sacrificial altar of Ru.
  6655 | D:5      | Reached XP level 8. HP: 60/62 MP: 8/8
  6686 | D:5      | Found a staircase to the Ecumenical Temple.
  7190 | D:6      | Found a shimmering altar of Xom.
  7240 | D:6      | Reached skill level 6 in Staves
  8676 | D:7      | Gained mutation: You are mostly covered in sharp spines.
                  | [demonic ancestry]
  8676 | D:7      | Reached XP level 9. HP: 64/71 MP: 9/9
  8681 | D:7      | Reached skill level 7 in Staves
  9411 | D:7      | Found Imynni's Antique Armour Emporium.
  9415 | D:7      | Bought a transparent scale mail for 270 gold pieces
  9415 | D:7      | Identified the +0 scale mail of Polish {rPois Will+++ Str+4
                  | Stlth-} (You bought it in a shop on level 7 of the Dungeon)
  9541 | Temple   | Entered the Ecumenical Temple
  9612 | Temple   | Became a worshipper of Cheibriados the Contemplative
  9870 | D:7      | Reached skill level 1 in Invocations
  9872 | D:7      | Reached skill level 1 in Stealth
 10184 | D:8      | Found a flagged portal.
 10193 | Bailey   | Entered a bailey
 10216 | Bailey   | Reached * piety under Cheibriados
 11013 | Bailey   | Found an iron altar of Okawaru.
 11076 | D:8      | Reached skill level 1 in Evocations
 11427 | D:8      | Reached ** piety under Cheibriados
 11562 | D:8      | Noticed Erica
 11570 | D:8      | Killed Erica
 11571 | D:8      | Reached skill level 8 in Staves
 11571 | D:8      | Reached XP level 10. HP: 62/80 MP: 12/12
 12106 | D:8      | Noticed a wolf spider
 12551 | D:8      | Reached *** piety under Cheibriados
 13562 | D:9      | Learned a level 3 spell: Confusing Touch
 14347 | D:9      | Reached skill level 5 in Invocations
 14480 | D:9      | Reached skill level 1 in Hexes
 14496 | D:9      | Reached skill level 1 in Spellcasting
 14692 | D:9      | Found a staircase to the Lair.
 14874 | D:7      | Bought a pair of glowing boots for 225 gold pieces
 15029 | Lair:1   | Entered Level 1 of the Lair of Beasts
 15037 | Lair:1   | Reached **** piety under Cheibriados
 15045 | Lair:1   | Noticed a cane toad
 15058 | Lair:1   | Killed a cane toad
 15119 | Lair:1   | Noticed a cane toad
 15127 | Lair:1   | Killed a cane toad
 15128 | Lair:1   | Reached XP level 11. HP: 54/87 MP: 15/15
 15315 | Lair:1   | Found a gate leading to a gauntlet.
 15464 | Lair:1   | Noticed a five-headed hydra
 15472 | Lair:1   | Killed a five-headed hydra
 16343 | Lair:2   | Noticed Urug
 16356 | Lair:1   | Reached skill level 5 in Stealth
 16726 | D:7      | Bought a runed scarf for 240 gold pieces
 16996 | Lair:2   | Found a staircase to the Swamp.
 17252 | Lair:2   | Noticed Fannar
 17278 | Lair:2   | Killed Fannar
 17279 | Lair:2   | Reached skill level 9 in Staves
 17422 | Lair:2   | Reached skill level 5 in Evocations
 17827 | Lair:2   | You fall into a shaft and drop 1 floor!
 17876 | Lair:3   | Found a runed translucent gate.
 17876 | Lair:3   | Found a runed translucent gate.
 17877 | Lair:3   | Found a runed translucent gate.
 17879 | Lair:3   | Noticed a minotaur
 17880 | Lair:3   | Noticed a catoblepas
 17881 | Lair:3   | Found the +7 great mace "Firestarter" {inner flame, rF++}
 17885 | Lair:3   | Noticed SkeletonJelly's ghost (journeyman DDFi)
 18215 | Lair:3   | Reached ***** piety under Cheibriados
 18780 | Lair:3   | Gained mutation: You are partially covered in thin metallic
                  | scales. (AC +2) [demonic ancestry]
 18780 | Lair:3   | Reached XP level 12. HP: 63/96 MP: 17/17
 20604 | Lair:4   | Noticed a five-headed hydra
 20618 | Lair:4   | Killed a five-headed hydra
 20619 | Lair:4   | Reached skill level 10 in Staves
 20623 | Lair:4   | Killed from afar by a rime drake

Illustrated notes

Levels and vault maps discovered:
D:1:      dpeg_arrival_rhombus, layout_loops_ring, minmay_tree_intersection,
          nrook_loot_triangle, minmay_hexomino_c4
D:2:      layout_loops_cross
D:3:      layout_loops_ring, chequers_temple_overflow_minitemple, minitemple,
          minmay_surrounded
D:4:      layout_cave_pods, evilmike_ruin_ashenzari
D:5:      wad_woods_stonehenge, layout_basic, lemuel_round_altar,
          nicolae_ru_path_of_blood, minmay_temple_entry_nine_rooms,
          minivault_19, uniq_sigmund
D:6:      layout_loops_ring, nicolae_overflow_crystal_walls,
          roderic_roman_lattice
D:7:      layout_basic, serial_shops, shop
D:8:      layout_loops_corners, enter_bailey_3, kennysheep_pointless_box,
          kennysheep_island_fort, uniq_erica
D:9:      layout_loops_ring, erik_lair_dragon
Temple:   eino_temple_water
Lair:1:   layout_hall_layers, gauntlet_entry_generic
Lair:2:   layout_hall_layers, swamp_mist, lemuel_fruit_fields,
          grunt_megastairs_3, uniq_fannar, uniq_urug
Lair:3:   layout_loops_ring, maelrawn_ghost_gauntlet_escape,
          grunt_forest_stairs_basic, serial_bayou_pond_b, st_stairs_9,
          chequers_serial_rivers_micro_c, minivault_11,
          grunt_forest_small_clearing_treed
Lair:4:   layout_cave_pods, nicolae_spider_entry_tight_spaces, st_stairs_4,
          lemuel_fruit_fields

Skill      XL: |  1  2  3  4  5  6  7  8  9 10 11 12 |
---------------+-------------------------------------+-----
Staves         | 3 4 5 6 8 9 10 | 10.0
Dodging        | 3 4 5 6 7 8 9 |  9.3
Fighting       | 3 4 5 6 8 9 |  9.7
Invocations    | 3 5 7 8 |  8.2
Stealth        | 3 4 5 6 |  6.2
Evocations     | 2 3 5 |  5.9
Hexes          | 1 3 |  3.3
Spellcasting   | 1 3 |  3.0
Throwing       | |  1.9
Armour         | |  0.4

Action                   |  1- 3 |  4- 6 |  7- 9 | 10-12 || total
-------------------------+-------+-------+-------+-------++-------
Melee: Quarterstaff      |   101 |   130 |   313 |   360 ||   904
       Kick              |    25 |    31 |    26 |       ||    82
Throw: Throwing net      |       |     1 |     4 |       ||     5
       Javelin           |       |       |       |     1 ||     1
       Boomerang         |       |       |       |     5 ||     5
Invok: Bend Time         |       |       |       |    10 ||    10
       Temporal Distorti |       |       |       |     4 ||     4
Evoke: Wand              |       |       |     2 |     6 ||     8
       Box of beasts     |       |       |       |     1 ||     1
       Lightning rod     |       |       |       |     3 ||     3
  Use: Scroll            |     3 |     6 |    12 |    12 ||    33
       Potion            |       |       |     9 |     5 ||    14
 Stab: Paralysed         |       |       |     3 |     2 ||     5
       Distracted        |       |       |     1 |     3 ||     4
       Held in net/web   |       |       |     1 |       ||     1
       Invisible         |       |       |       |     4 ||     4
       Sleeping          |       |       |       |     1 ||     1
Armor: Leather armour    |    19 |    39 |    18 |       ||    76
       Scale mail        |       |       |    30 |    60 ||    90
Dodge: Dodged            |    51 |    93 |   213 |   359 ||   716

Table legend: (Time is in decaauts)
 A = Elapsed time spent in this place.
 B = Non-inter-level travel time spent in this place.
 C = Inter-level travel time spent in this place.
 D = Time resting spent in this place.
 E = Time spent auto-exploring this place.
 F = Levels seen in this place.
 G = Mean time per level.
                   A        B        C        D        E       F      G
               +--------+--------+--------+--------+--------+-----+--------+
         Total |  24100 |  22364 |   1736 |   7162 |  10838 |  15 | 1606.7 |
       Dungeon |  16004 |  14594 |   1410 |   4432 |   8078 |   9 | 1778.2 |
        Temple |     91 |     69 |     22 |      0 |     37 |   1 |   91.0 |
          Lair |   7091 |   6787 |    304 |   2077 |   2722 |   4 | 1772.8 |
        Bailey |    912 |    912 |      0 |    653 |      0 |   1 |  912.0 |
               +--------+--------+--------+--------+--------+-----+--------+

Top non-repeatable levels by time:
     D:8: 3252 daAuts
     D:9: 2437 daAuts
     D:1: 2393 daAuts
  Lair:3: 2148 daAuts
     D:5: 2048 daAuts
  Lair:1: 2033 daAuts
     D:6: 2023 daAuts
  Lair:2: 1766 daAuts
  Lair:4: 1143 daAuts
     D:7: 1060 daAuts
     D:2: 1007 daAuts
     D:4: 959 daAuts
  Bailey: 912 daAuts
     D:3: 822 daAuts
  Temple: 91 daAuts
